[Event "Titled Tuesday Blitz June 28 Early 2022"]
[White "Molina, Roberto Junio Brito"]
[Black "Orlov, Georgi"]
[WhiteFideId "2109450"]
[BlackFideId "2011271"]
[WhiteElo "2432"]
[BlackElo "2569"]
[Result "1-0"]
[Round "09"]
[TimeControl "180+1"]
[Date "2022.06.28"]
[WhiteClock "0:00:51"]
[BlackClock "0:00:05"]

1. d4 Nf6 2. c4 Nc6 3. Nf3 e6 4. Nc3 Bb4 5. Qc2 d6 6. a3 Bxc3+ 7. Qxc3 O-O 8. g3 Qe7 9. Bg2 e5 10. d5 Nb8 11. O-O Bg4 12. b4 c6 13. h3 Bh5 14. dxc6 Nxc6 15. Bb2 Rac8 16. Rac1 e4 17. Nd4 Ne5 18. Nf5 Qe6 19. Nxd6 Qxd6 20. Qxe5 Qxe5 21. Bxe5 Bxe2 22. Rfe1 Rxc4 23. Rxc4 Bxc4 24. Bxf6 gxf6 25. Rxe4 b5 26. Re7 Rd8 27. Rxa7 Rd1+ 28. Kh2 Rd2 29. g4 Rxf2 30. Kg3 Rb2 31. h4 Kg7 32. Bc6 Rc2 33. Ra5 Rc3+ 34. Kf4 h6 35. h5 Rb3 36. Bxb5 Bxb5 37. Rxb5 Rxa3 38. Rc5 Rb3 39. Rc4 Rb1 40. Ke4 Rb3 41. Kd5 f5 42. gxf5 Kf6 43. Kc6 Kxf5 44. b5 Kg5 45. b6 f5 46. b7 Kxh5 47. Rc5 Rxb7 48. Kxb7 Kg4 49. Kc6 f4 50. Kd5 f3 51. Ke4 h5 52. Ke3 1-0


[Site "https://www.chess.com"]

[Event "Titled Tuesday Blitz June 28 Early 2022"]
[White "Mrudul Dehankar"]
[Black "Iinuma, Paul Y"]
[WhiteFideId "25096990"]
[BlackFideId "2031809"]
[WhiteElo "1766"]
[BlackElo "2052"]
[Result "1-0"]
[Round "09"]
[TimeControl "180+1"]
[Date "2022.06.28"]
[WhiteClock "0:00:12"]
[BlackClock "0:00:07"]

1. e4 e5 2. Nc3 Nf6 3. Bc4 Nxe4 4. Qh5 Nd6 5. Bb3 Nc6 6. Nb5 g6 7. Qf3 f5 8. Qd5 Qe7 9. Nxc7+ Kd8 10. Nxa8 b6 11. d3 Bb7 12. h4 f4 13. Qf3 Nd4 14. Qh3 e4 15. Bxf4 exd3+ 16. Kf1 d2 17. Bg5 Ba6+ 18. Ne2 Nxe2 19. Bxe7+ Bxe7 20. c4 Nxc4 21. Kxe2 Ne5+ 22. Kd1 Nd3 23. Qg3 Nxb2+ 24. Kc2 Bf6 25. Qd6 Bd3+ 26. Kxd2 1-0


[Site "https://www.chess.com"]

[Event "Titled Tuesday Blitz June 28 Early 2022"]
[White "Narayanan.S.L"]
[Black "Timofeev, Artyom"]
[WhiteFideId "5058422"]
[BlackFideId "4140419"]
[WhiteElo "2494"]
[BlackElo "2578"]
[Result "1-0"]
[Round "09"]
[TimeControl "180+1"]
[Date "2022.06.28"]
[WhiteClock "0:01:35"]
[BlackClock "0:00:06"]

1. e4 c6 2. Nf3 d5 3. d3 dxe4 4. dxe4 Qxd1+ 5. Kxd1 Nd7 6. Ne1 g6 7. f3 Bg7 8. a4 a5 9. Nd3 f5 10. Nd2 Nh6 11. exf5 gxf5 12. Nc4 Nf7 13. c3 e5 14. Kc2 O-O 15. Be3 e4 16. fxe4 fxe4 17. Nc5 Nfe5 18. Nxd7 Bxd7 19. Nxe5 Bxe5 20. Bc4+ Kg7 21. h3 Bf4 22. Bd4+ Kh6 23. Rhf1 Bg5 24. h4 Be7 25. g3 Bh3 26. Be3+ Kh5 27. Bf7+ Kg4 28. Rf4+ Kxg3 29. Rg1+ Kh2 30. Rg7 Bg2 31. Rf2 Kh3 32. Rgxg2 Rxf7 33. Rxf7 Kxg2 34. Rxe7 Kf3 35. Bd4 h5 36. Rf7+ Kg4 37. Be3 Kxh4 38. Kd2 Kg3 39. Ke2 h4 40. Rg7+ Kh3 41. Re7 Kg3 42. Bf2+ Kh3 43. Rxe4 Rh8 44. b4 axb4 45. cxb4 Rh5 46. a5 Rh7 47. Kd3 Kg2 48. Bxh4 Rd7+ 49. Rd4 Rd5 50. Rxd5 cxd5 51. b5 1-0


[Site "https://www.chess.com"]

[Event "Titled Tuesday Blitz June 28 Early 2022"]
[White "Narayanan, Srinath"]
[Black "Deac, Bogdan-Daniel"]
[WhiteFideId "5018420"]
[BlackFideId "1226380"]
[WhiteElo "2472"]
[BlackElo "2648"]
[Result "0-1"]
[Round "09"]
[TimeControl "180+1"]
[Date "2022.06.28"]
[WhiteClock "0:00:05"]
[BlackClock "0:00:09"]

1. d4 Nf6 2. Nc3 d5 3. Bf4 c5 4. e3 cxd4 5. exd4 a6 6. Nf3 Nc6 7. Ne5 Bd7 8. Be2 g6 9. h4 h5 10. Nxc6 Bxc6 11. Be5 Bg7 12. Qd3 b5 13. a3 O-O 14. O-O e6 15. g3 Rc8 16. Rfe1 Bb7 17. Bf3 Ne8 18. Bxg7 Nxg7 19. a4 b4 20. Na2 a5 21. c3 bxc3 22. Nxc3 Qb6 23. Qb5 Rc6 24. Qxb6 Rxb6 25. Nb5 Bc6 26. Be2 Nf5 27. Red1 Rfb8 28. Ra3 Kf8 29. Kf1 Ke7 30. Rc3 Nd6 31. Rdc1 Bxb5 32. axb5 Nxb5 33. Bxb5 Rxb5 34. Rc7+ Kf8 35. R1c3 R8b7 36. Rxb7 Rxb7 37. b3 Rb4 38. Rd3 Ke7 39. Ke2 Kd6 40. Kd2 a4 41. bxa4 Rxa4 42. Ke3 Ra1 43. Rb3 Re1+ 44. Kd2 Re4 45. Kd3 Ke7 46. Rb7+ Kf6 47. Ra7 Re1 48. Kd2 Rb1 49. Ke2 Rb8 50. Ke3 Rf8 51. Kf4 Rc8 52. Ke3 Rc3+ 53. Ke2 Rc2+ 54. Ke3 Rc1 55. Ke2 Rb1 56. Kd2 Rb8 57. Ke3 Rc8 58. Ke2 Rf8 59. Ke3 Kf5 60. f3 f6 61. Rg7 Rb8 62. g4+ hxg4 63. fxg4+ Kxg4 64. Rxg6+ Kf5 65. h5 Rh8 66. Rg2 Rxh5 67. Rf2+ Kg6 68. Rg2+ Rg5 69. Rb2 Rg4 70. Rd2 Re4+ 71. Kf3 Kf5 72. Rd1 Rh4 73. Rd2 Rf4+ 74. Ke3 Re4+ 75. Kf3 Kg6 76. Rg2+ Kf7 77. Rd2 Ke7 78. Rd1 Kd6 79. Rd2 e5 80. dxe5+ fxe5 81. Ra2 Rf4+ 82. Ke3 d4+ 83. Kd3 Rf3+ 84. Ke2 Re3+ 85. Kd2 Kd5 86. Ra8 Rh3 87. Rg8 Rh2+ 88. Ke1 e4 89. Rc8 e3 90. Re8 Kc4 91. Ra8 Kd3 92. Ra3+ Ke4 93. Ra8 Rh1+ 94. Ke2 d3# 0-1


[Site "https://www.chess.com"]

[Event "Titled Tuesday Blitz June 28 Early 2022"]
[White "Navarrete Mendez, Gonzalo Alberto"]
[Black "Madaminov, Mukhiddin"]
[WhiteFideId "5106850"]
[BlackFideId "14210703"]
[WhiteElo "2261"]
[BlackElo "1916"]
[Result "0-1"]
[Round "09"]
[TimeControl "180+1"]
[Date "2022.06.28"]
[WhiteClock "0:00:17"]
[BlackClock "0:01:10"]

1. e4 e6 2. d4 d5 3. Nc3 Nf6 4. Bg5 Bb4 5. e5 h6 6. Be3 Ne4 7. Qg4 g6 8. a3 Bxc3+ 9. bxc3 c5 10. Bd3 Nxc3 11. dxc5 Nc6 12. Nf3 Bd7 13. Bxg6 Rg8 14. Bxf7+ Kxf7 15. Qh5+ Rg6 16. Bxh6 Ne4 17. Nh4 Nxe5 18. Nxg6 Nxg6 19. O-O Qf6 20. Be3 Rh8 21. Qg4 Bc6 22. f3 Nc3 23. Kh1 Qe5 24. Bg1 Rh4 25. f4 Rxg4 26. fxe5+ Ke7 27. h3 Rg5 28. Be3 Rh5 29. Bd4 Ne2 30. Bf2 d4 31. Kh2 Ngf4 32. g4 Rxh3# 0-1


[Site "https://www.chess.com"]

[Event "Titled Tuesday Blitz June 28 Early 2022"]
[White "Nayem, Haque"]
[Black "Shailendra, K Bajpai"]
[WhiteFideId "10217754"]
[BlackFideId "5014670"]
[WhiteElo "1982"]
[BlackElo "2242"]
[Result "1-0"]
[Round "09"]
[TimeControl "180+1"]
[Date "2022.06.28"]
[WhiteClock "0:02:11"]
[BlackClock "0:00:01"]

1. e4 c5 2. Nf3 d6 3. d4 cxd4 4. Nxd4 Nf6 5. Nc3 g6 6. Be3 Bg7 7. h3 O-O 8. Qd2 Nc6 9. O-O-O d5 10. exd5 Nxd5 11. Nxc6 bxc6 12. Nxd5 cxd5 13. Qxd5 Qc7 14. Qc5 Qb7 15. c3 Bf5 16. Qb5 Qc7 17. Qc5 Qxc5 18. Bxc5 Rfc8 19. Bd4 e5 20. Be3 a5 21. Bb5 a4 22. a3 Rab8 23. Bd7 Bxd7 24. Rxd7 Bf8 25. Ra7 Bxa3 26. bxa3 Rxc3+ 27. Kd2 Rxa3 28. Rc1 Rd8+ 29. Ke2 Ra2+ 30. Kf1 a3 31. g4 1-0


[Site "https://www.chess.com"]

[Event "Titled Tuesday Blitz June 28 Early 2022"]
[White "Nguyen, Quoc Hy"]
[Black "Garv Gaur"]
[WhiteFideId "12410853"]
[BlackFideId "45030839"]
[WhiteElo "1938"]
[BlackElo "1950"]
[Result "1-0"]
[Round "09"]
[TimeControl "180+1"]
[Date "2022.06.28"]
[WhiteClock "0:00:08"]
[BlackClock "0:00:08"]

1. d4 d5 2. c4 e6 3. Nc3 Nf6 4. cxd5 exd5 5. Bg5 c6 6. e3 Be7 7. Bd3 h6 8. Bh4 O-O 9. Qc2 Nbd7 10. Nf3 Re8 11. Rg1 Ne4 12. Bxe7 Qxe7 13. g4 Nf8 14. g5 h5 15. Bxe4 dxe4 16. Ne5 Bf5 17. f3 Ng6 18. Nxe4 Nxe5 19. dxe5 Rad8 20. Nf6+ Qxf6 21. gxf6 Bxc2 22. Rxg7+ Kf8 23. f4 Bg6 24. Ke2 Bd3+ 25. Kf3 Bf5 26. Rag1 Bg4+ 27. Ke4 Rd6 28. Rh7 Kg8 29. Rxh5 Rxf6 30. Rxg4+ Rg6 31. Rxg6+ fxg6 32. Rg5 Kf7 33. h4 Rh8 34. Rg4 Rd8 35. f5 gxf5+ 36. Kxf5 Rd2 37. e6+ Kf8 38. e7+ Kxe7 39. Rg7+ Kd6 40. Rxb7 Re2 41. Rb3 Rf2+ 42. Kg5 Ke5 43. h5 Rg2+ 44. Kh6 Kf6 45. Rb7 Rh2 46. a4 Rh3 47. Rxa7 Rxe3 48. Ra6 Re6 49. b4 Kf5+ 50. Kg7 Re7+ 51. Kf8 Rc7 52. Ra5+ Kf6 53. Ke8 Rb7 54. Rc5 Rxb4 55. Rxc6+ Kg7 56. a5 Rb7 57. h6+ Kh7 58. a6 Ra7 59. Kd8 Kh8 60. Kc8 Re7 61. Kb8 Kh7 62. Rc7 Rxc7 63. Kxc7 Kxh6 64. a7 Kg5 65. a8=Q Kf4 66. Qd5 Ke3 67. Kd6 Kf4 68. Qd4+ Kf3 69. Ke5 Kg3 70. Qe3+ Kg2 71. Kf4 Kf1 72. Qd2 Kg1 73. Kg3 Kh1 74. Qg2# 1-0


[Site "https://www.chess.com"]

[Event "Titled Tuesday Blitz June 28 Early 2022"]
[White "Pirvulescu, Ekaterina"]
[Black "Mangialardo, Tiago Carvalho"]
[WhiteFideId "13506374"]
[BlackFideId "2130718"]
[WhiteElo "1740"]
[BlackElo "2067"]
[Result "0-1"]
[Round "09"]
[TimeControl "180+1"]
[Date "2022.06.28"]
[WhiteClock "0:00:01"]
[BlackClock "0:00:03"]

1. e4 e5 2. Nf3 Nc6 3. Bb5 a6 4. Ba4 Nf6 5. d3 d6 6. h3 Be7 7. O-O O-O 8. c3 Be6 9. d4 exd4 10. cxd4 Bc4 11. Re1 Bb5 12. Bc2 a5 13. Nc3 Ba6 14. a3 Re8 15. Bb1 Bf8 16. Bg5 h6 17. Bh4 Be7 18. Qc2 g6 19. Bg3 Nh5 20. Bh2 Bf6 21. Qd2 Bg7 22. Ba2 b5 23. Rad1 b4 24. Nd5 Rb8 25. Nf4 Nf6 26. axb4 axb4 27. Bb3 Rxe4 28. Nxg6 Qe8 29. Nf4 Na5 30. Ba2 c5 31. Bb1 Rxe1+ 32. Rxe1 Qd7 33. Qc2 Nc4 34. Nh5 Nxh5 35. Qh7+ Kf8 36. g4 Nf6 37. Qd3 Nb6 38. dxc5 Bxd3 0-1


[Site "https://www.chess.com"]

[Event "Titled Tuesday Blitz June 28 Early 2022"]
[White "Nilsson, Joakim"]
[Black "Aldokhin, Ivan"]
[WhiteFideId "1723383"]
[BlackFideId "24115720"]
[WhiteElo "2210"]
[BlackElo "2231"]
[Result "0-1"]
[Round "09"]
[TimeControl "180+1"]
[Date "2022.06.28"]
[WhiteClock "0:01:25"]
[BlackClock "0:00:31"]

1. d4 Nf6 2. Nc3 d5 3. Bf4 e6 4. e3 c5 5. Nb5 Na6 6. c3 Be7 7. Nf3 O-O 8. Bd3 Nh5 9. Bg3 Nxg3 10. hxg3 h6 11. Ne5 f5 12. Ng6 Rf6 13. Nf4 Bd7 14. a4 Nc7 15. Nxc7 Qxc7 16. Nh5 Rf7 17. g4 g6 18. gxf5 exf5 19. Nf4 Kg7 20. Nxd5 Qc6 21. Nxe7 Qxg2 22. Ke2 Rxe7 23. Rg1 Qh2 24. Qb3 Rae8 25. Kf1 Rxe3 26. Qxb7 Qh3+ 27. Rg2 Qh1+ 28. Rg1 Qxb7 0-1


[Site "https://www.chess.com"]

[Event "Titled Tuesday Blitz June 28 Early 2022"]
[White "Novikova, Galina"]
[Black "Kanyamarala, Trisha"]
[WhiteFideId "4157095"]
[BlackFideId "45004722"]
[WhiteElo "1863"]
[BlackElo "2134"]
[Result "1-0"]
[Round "09"]
[TimeControl "180+1"]
[Date "2022.06.28"]
[WhiteClock "0:01:06"]
[BlackClock "0:00:03"]

1. e4 c5 2. Nf3 a6 3. b4 d6 4. c3 Nf6 5. Bd3 e6 6. O-O cxb4 7. cxb4 Be7 8. Bc2 O-O 9. d4 d5 10. e5 Ne4 11. Nbd2 Nc3 12. Qe1 Bxb4 13. a3 Be7 14. Nb3 Nb5 15. Qd2 Nc6 16. Qd3 g6 17. Bh6 Re8 18. a4 Nb4 19. Qd2 Nxc2 20. Qxc2 Na3 21. Qd2 Nc4 22. Qf4 Bd7 23. h4 f6 24. Rfe1 fxe5 25. dxe5 Nb2 26. Ng5 Bxg5 27. Bxg5 Qb6 28. Bf6 Rf8 29. Qh6 Rf7 30. h5 gxh5 31. Re3 Rxf6 32. exf6 Be8 33. Qg7# 1-0


[Site "https://www.chess.com"]

[Event "Titled Tuesday Blitz June 28 Early 2022"]
[White "Nunez V, Gustavo Eduardo"]
[Black "Sahil, Tickoo"]
[WhiteFideId "4403690"]
[BlackFideId "5019710"]
[WhiteElo "2228"]
[BlackElo "2047"]
[Result "1-0"]
[Round "09"]
[TimeControl "180+1"]
[Date "2022.06.28"]
[WhiteClock "0:00:25"]
[BlackClock "0:00:21"]

1. e4 c5 2. Nc3 Nc6 3. g3 g6 4. Bg2 Bg7 5. d3 d6 6. Be3 e6 7. Qd2 Nge7 8. Nge2 O-O 9. Bh6 Nd4 10. h4 f6 11. Bxg7 Kxg7 12. h5 g5 13. h6+ Kh8 14. O-O-O b5 15. Nxd4 cxd4 16. Nxb5 Qb6 17. Qb4 Nc6 18. Qxd6 Rf7 19. e5 Bd7 20. Bxc6 Qxc6 21. Qxc6 Bxc6 22. Nxd4 Bxh1 23. Rxh1 fxe5 24. Nxe6 Rxf2 25. Nxg5 Raf8 26. Re1 Rg2 27. Ne4 Rh2 28. b3 Rxh6 29. Re2 Re6 30. Ng5 Re7 31. c4 Kg7 32. Kd2 Kg6 33. Ne4 Rd8 34. Kc3 h5 35. Rf2 Rf7 36. Rd2 Rf3 37. b4 Kf5 38. c5 Kg4 39. c6 Rf7 40. b5 Rd4 41. Rh2 Rc7 42. Rh4+ Kf3 43. Rxh5 a6 44. Nc5 axb5 45. Rxe5 Rg4 46. Re6 Kxg3 47. d4 Rf4 48. Kb4 Rxd4+ 49. Kxb5 Rd2 50. a4 Rb2+ 51. Kc4 Rc8 52. Ne4+ Kf4 53. Kd5 Ra2 54. Nc5 Rd2+ 55. Kc4 Rc2+ 56. Kd4 Rd2+ 57. Nd3+ Kf5 58. Rd6 Rc2 59. Rd5+ Ke6 60. Rc5 Rxc5 61. Kxc5 Ra8 62. Nb2 Ke7 63. Kb6 Kd8 64. c7+ Kc8 65. a5 Kd7 66. Nc4 Kc8 67. Nd6+ Kd7 68. Nb5 Rf8 69. a6 Rf6+ 70. Kb7 Rf8 71. a7 Rc8 72. a8=Q Rxa8 73. Kxa8 Kc8 74. Ka7 Kd7 75. Kb8 Kc6 76. c8=Q+ Kxb5 77. Qb7+ Kc5 78. Kc7 Kd4 79. Qc6 Ke3 80. Kd6 Kf4 81. Qd5 Kg4 82. Ke5 Kh4 83. Qe4+ Kg3 84. Qg6+ Kf3 85. Qf5+ Ke2 86. Qh3 Kd2 87. Kd4 Ke2 88. Qg2+ Ke1 89. Kc3 Kd1 90. Qf1# 1-0


[Site "https://www.chess.com"]

[Event "Titled Tuesday Blitz June 28 Early 2022"]
[White "Odegov, Artem"]
[Black "Gracia Alvarez, Gerardo Antonio"]
[WhiteFideId "34183644"]
[BlackFideId "5109124"]
[WhiteElo "2286"]
[BlackElo "2139"]
[Result "1-0"]
[Round "09"]
[TimeControl "180+1"]
[Date "2022.06.28"]
[WhiteClock "0:00:23"]
[BlackClock "0:00:03"]

1. d4 Nf6 2. c4 c5 3. d5 b5 4. cxb5 a6 5. b6 e6 6. Nc3 Nxd5 7. Nxd5 exd5 8. Qxd5 Nc6 9. Nf3 Rb8 10. g3 Be7 11. Bg2 O-O 12. O-O Rxb6 13. b3 Bf6 14. Rb1 d6 15. Bf4 Nb4 16. Qd2 Bb7 17. Rfd1 Nd5 18. Bg5 Nc3 19. Qxc3 Bxc3 20. Bxd8 Rxd8 21. Rbc1 Bf6 22. Nd2 Bxg2 23. Kxg2 Be7 24. Nc4 Rbb8 25. Rd5 Kf8 26. Rcd1 Rb5 27. e4 a5 28. e5 a4 29. exd6 Bf6 30. bxa4 Rb4 31. Rxc5 Rxa4 32. Rd2 g6 33. d7 Ra7 34. Nb6 Rb7 35. Rc6 Be7 36. a4 Bb4 37. Re2 Ba5 38. Nc4 Bb4 39. Ne5 Be7 40. Rc8 f6 41. Nc6 Rxd7 42. Nxd8 Bxd8 43. a5 Kf7 44. a6 Bb6 45. Rb2 Bd4 46. Rb7 1-0


[Site "https://www.chess.com"]

[Event "Titled Tuesday Blitz June 28 Early 2022"]
[White "OKEKE, Isaac Chukwudalu"]
[Black "Harsh Suresh"]
[WhiteFideId "8508526"]
[BlackFideId "45018464"]
[WhiteElo "2102"]
[BlackElo "2059"]
[Result "0-1"]
[Round "09"]
[TimeControl "180+1"]
[Date "2022.06.28"]
[WhiteClock "0:00:02"]
[BlackClock "0:00:13"]

1. e4 g6 2. d4 Nf6 3. Nc3 d5 4. e5 Ne4 5. Nxe4 dxe4 6. Ne2 c5 7. c3 Bg7 8. Ng3 cxd4 9. cxd4 Nc6 10. Be3 f5 11. exf6 exf6 12. d5 Ne5 13. Nxe4 f5 14. Bb5+ Bd7 15. Bxd7+ Qxd7 16. Nc5 Qb5 17. Qb3 Qa5+ 18. Kf1 O-O 19. Ne6 f4 20. Bd4 f3 21. Qxb7 fxg2+ 22. Kxg2 Bf6 23. Nxf8 Rxf8 24. Rhe1 Rf7 25. Qc8+ Kg7 26. Qe6 Nd3 27. Bxf6+ Rxf6 28. Qd7+ Rf7 29. Re7 Nf4+ 0-1


[Site "https://www.chess.com"]

[Event "Titled Tuesday Blitz June 28 Early 2022"]
[White "Omariev, Maksim"]
[Black "Sokolovsky, Yahli"]
[WhiteFideId "4193423"]
[BlackFideId "2820242"]
[WhiteElo "2483"]
[BlackElo "1770"]
[Result "0-1"]
[Round "09"]
[TimeControl "180+1"]
[Date "2022.06.28"]
[WhiteClock "0:00:23"]
[BlackClock "0:01:22"]

1. e3 c5 2. d4 cxd4 3. exd4 d5 4. Bd3 Nf6 5. h3 b6 6. Qe2 a5 7. Na3 Ba6 8. Nb5 e6 9. Nf3 Be7 10. Bf4 O-O 11. Bc7 Qd7 12. Bxb6 Nc6 13. c3 Rfb8 14. Bc5 Bxc5 15. dxc5 e5 16. O-O-O e4 17. Bxe4 Nxe4 18. c4 Nb4 19. Qxe4 dxe4 20. Rxd7 exf3 21. a3 fxg2 22. Rg1 Nc6 23. a4 Ne5 24. Rd4 Nf3 25. Rxg2 Nxd4 26. Nxd4 Bxc4 27. Nf5 g6 28. Ne7+ Kf8 29. Nc6 Rc8 30. Ne5 Be6 31. c6 Bd5 32. Rg3 Bxc6 33. Kd2 Bxa4 34. Rd3 Rd8 0-1


[Site "https://www.chess.com"]

[Event "Titled Tuesday Blitz June 28 Early 2022"]
[White "Oparin, Grigoriy"]
[Black "Warmerdam, Max"]
[WhiteFideId "24125890"]
[BlackFideId "1048104"]
[WhiteElo "2639"]
[BlackElo "2537"]
[Result "1/2-1/2"]
[Round "09"]
[TimeControl "180+1"]
[Date "2022.06.28"]
[WhiteClock "0:00:21"]
[BlackClock "0:00:15"]

1. d4 d5 2. c4 e6 3. Nf3 a6 4. Nbd2 c5 5. e3 Nf6 6. b3 cxd4 7. Nxd4 dxc4 8. Bxc4 b5 9. Be2 Bb7 10. O-O Nbd7 11. Bb2 Be7 12. a4 bxa4 13. Rxa4 O-O 14. Nc4 Nb6 15. Ra2 Nxc4 16. Bxc4 Qb6 17. Qe2 Rfc8 18. Rfa1 a5 19. Nf3 Nd5 20. Bd4 Bc5 21. Rd2 Bxd4 22. Nxd4 Nc3 23. Qe1 a4 24. Rc2 axb3 25. Rxc3 Rxa1 26. Qxa1 b2 27. Qb1 Be4 28. Nc2 Qb4 29. Nxb4 Bxb1 30. Rb3 Rxc4 31. h3 Be4 32. Rxb2 h5 33. f3 Bg6 34. e4 h4 35. Nd3 Rc3 36. Ne5 Kh7 37. Rd2 f6 38. Ng4 f5 39. exf5 Bxf5 40. Re2 Kg6 41. Nf2 Kf6 42. Kh2 g5 43. Nd1 Rb3 44. Ne3 Rd3 45. Kg1 Rc3 46. Kf2 Ra3 47. Rd2 Rb3 48. Nc4 Rc3 49. Nd6 Ra3 50. Ne8+ Ke7 51. Nd6 Kf6 52. Re2 Rd3 53. Ne4+ Kg6 54. Nd2 Kf6 55. Ne4+ Bxe4 56. Rxe4 Kf5 57. Re2 Rc3 58. Re4 Rc2+ 59. Kf1 Rb2 60. Kg1 Rc2 61. Kf1 Rb2 62. Kg1 Rc2 63. Kf1 1/2-1/2


[Site "https://www.chess.com"]

[Event "Titled Tuesday Blitz June 28 Early 2022"]
[White "Petrova, Irina"]
[Black "Silva, Pedro Gil Ferreira Da"]
[WhiteFideId "14124122"]
[BlackFideId "1946102"]
[WhiteElo "1993"]
[BlackElo "1863"]
[Result "0-1"]
[Round "09"]
[TimeControl "180+1"]
[Date "2022.06.28"]
[WhiteClock "0:00:55"]
[BlackClock "0:01:28"]

1. e4 c5 2. Nf3 d6 3. Bb5+ Bd7 4. Bxd7+ Qxd7 5. O-O Nc6 6. c3 Nf6 7. Re1 e6 8. d4 cxd4 9. cxd4 d5 10. e5 Ne4 11. Nbd2 Nxd2 12. Bxd2 Be7 13. Rc1 O-O 14. a3 Rfc8 15. Rc3 b5 16. h4 a5 17. h5 b4 18. Rd3 h6 19. Nh2 bxa3 20. bxa3 Rab8 21. Qg4 Kh8 22. Rg3 Rg8 23. Qf4 Rb2 24. Ng4 Bg5 25. Qf3 Rxd2 26. Qc3 Nxd4 27. Qxa5 Ne2+ 28. Rxe2 Rxe2 29. Ne3 Bxe3 30. fxe3 d4 0-1


[Site "https://www.chess.com"]

[Event "Titled Tuesday Blitz June 28 Early 2022"]
[White "Plazuelo Pascual, Juan"]
[Black "Jaskolka, Tomasz"]
[WhiteFideId "32059566"]
[BlackFideId "1170791"]
[WhiteElo "2359"]
[BlackElo "2073"]
[Result "1-0"]
[Round "09"]
[TimeControl "180+1"]
[Date "2022.06.28"]
[WhiteClock "0:00:11"]
[BlackClock "0:01:07"]

1. e4 c5 2. Nf3 e6 3. c3 Nf6 4. e5 Nd5 5. d4 cxd4 6. cxd4 d6 7. Bc4 Be7 8. O-O O-O 9. Qe2 b6 10. Rd1 Bb7 11. Bxd5 exd5 12. Bf4 dxe5 13. Nxe5 Nd7 14. Nc3 Nf6 15. h3 h6 16. Rac1 Rc8 17. Re1 Ne4 18. Qd3 Bb4 19. a3 Bxc3 20. bxc3 f6 21. Ng4 Qd7 22. Rc2 Rfe8 23. Rec1 Qa4 24. f3 Ba6 25. Qd1 Nxc3 26. Qd2 Ne2+ 27. Kh2 Nxc1 28. Rxc1 Rxc1 29. Qxc1 Qxa3 30. Qxa3 1-0


[Site "https://www.chess.com"]

[Event "Titled Tuesday Blitz June 28 Early 2022"]
[White "Polster, Christian"]
[Black "Daeschler, Florian"]
[WhiteFideId "12965081"]
[BlackFideId "20678193"]
[WhiteElo "2320"]
[BlackElo "2221"]
[Result "0-1"]
[Round "09"]
[TimeControl "180+1"]
[Date "2022.06.28"]
[WhiteClock "0:00:01"]
[BlackClock "0:00:14"]

1. e4 c5 2. Nc3 e6 3. Nge2 Nc6 4. g3 b6 5. Bg2 Bb7 6. O-O d6 7. d4 cxd4 8. Nxd4 Rc8 9. Re1 Be7 10. f4 a6 11. a4 Qc7 12. Be3 Na5 13. Kh1 Nf6 14. Bg1 h5 15. h3 Nc4 16. Rb1 Ba8 17. Nce2 Nxe4 18. Qd3 Nf6 19. Bxa8 Rxa8 20. b3 Na5 21. c4 Rc8 22. Rbd1 d5 23. cxd5 Nxd5 24. Nf3 Nb4 25. Qd2 Nxb3 26. Qb2 Na5 27. Qxg7 Rf8 0-1


[Site "https://www.chess.com"]

[Event "Titled Tuesday Blitz June 28 Early 2022"]
[White "Popilski, Gil"]
[Black "Hambleton, Aman"]
[WhiteFideId "2809060"]
[BlackFideId "2606577"]
[WhiteElo "2537"]
[BlackElo "2552"]
[Result "0-1"]
[Round "09"]
[TimeControl "180+1"]
[Date "2022.06.28"]
[WhiteClock "0:00:15"]
[BlackClock "0:00:11"]

1. e4 b6 2. d4 Bb7 3. Bd3 e6 4. Nf3 d5 5. e5 Ba6 6. Bxa6 Nxa6 7. O-O Qd7 8. a4 Nb8 9. a5 b5 10. Nbd2 a6 11. Nb3 Qc8 12. Bd2 Nd7 13. Qe1 c5 14. dxc5 Nxc5 15. Bb4 Nd7 16. Bxf8 Nxf8 17. Nbd4 Ne7 18. Ra3 Nd7 19. h4 h5 20. Ng5 Qc7 21. Re3 g6 22. Qb4 Qc5 23. Qd2 Rc8 24. Rc3 Qa7 25. Rxc8+ Nxc8 26. Qf4 Nf8 27. Qf6 Rg8 28. c3 Qe7 29. Qf4 Qc7 30. Re1 Rg7 31. Qf6 Rg8 32. Re3 Qe7 33. Qf4 Na7 34. Rf3 Rg7 35. g3 Nh7 36. Nxh7 Rxh7 37. Kh2 Rg7 38. Qh6 Rg8 39. Qh7 Qf8 40. Rf6 Qg7 41. Qxg7 Rxg7 42. Kg2 Kd7 43. f3 Rh7 44. g4 Nc6 45. Kg3 Nxe5 46. b4 Ke7 47. g5 Nd7 48. Rf4 e5 49. Nc6+ Kd6 50. Nxe5 Kxe5 51. Rd4 f5 52. f4+ Ke6 53. Kf3 Re7 54. Rd3 Kd6 55. Rd4 Re4 56. Rd3 Rc4 57. Ke3 Nf8 58. Kf3 Ne6 59. Ke3 Re4+ 60. Kd2 Rxf4 61. Re3 Re4 62. Rf3 Rxh4 63. Kd3 Re4 64. Rg3 Ke5 65. Rf3 h4 66. Kc2 Nxg5 67. Rf2 h3 68. Kb3 Ne6 69. Rd2 g5 70. Ka3 g4 0-1


[Site "https://www.chess.com"]

[Event "Titled Tuesday Blitz June 28 Early 2022"]
[White "Pourkashiyan, Atousa"]
[Black "Ghazarian, Kirk"]
[WhiteFideId "12502014"]
[BlackFideId "30908604"]
[WhiteElo "2247"]
[BlackElo "2003"]
[Result "0-1"]
[Round "09"]
[TimeControl "180+1"]
[Date "2022.06.28"]
[WhiteClock "0:00:10"]
[BlackClock "0:00:12"]

1. e4 c5 2. Nf3 Nc6 3. d4 cxd4 4. Nxd4 Nf6 5. Nc3 d6 6. Bc4 e6 7. O-O Be7 8. Be3 O-O 9. f4 Nxd4 10. Bxd4 b6 11. e5 Ne8 12. Qf3 Rb8 13. Bd3 Bb7 14. Qh3 g6 15. Ne4 Bxe4 16. Bxe4 d5 17. Bd3 Ng7 18. Rad1 Bc5 19. c3 Qe7 20. Qh6 Bxd4+ 21. cxd4 Qb4 22. Kh1 Rfc8 23. Rf3 Qxb2 24. Rh3 Rc1 25. Qxh7+ Kf8 26. Rf1 Rxf1+ 27. Bxf1 Ne8 28. Qh8+ Ke7 29. Qh4+ Kd7 30. Qh7 Ke7 31. Qh4+ Kd7 32. Rf3 Qxd4 33. Bb5+ Kc8 34. Qe1 Nc7 35. Bf1 Kb7 36. h3 Rc8 37. Qe2 Qc4 38. Rd3 Qc5 39. Qf3 Nb5 40. Rd2 Qc1 41. Rf2 Nc3 42. Kh2 Ne4 43. Re2 Qc3 44. Re3 Qc5 45. Qe2 Nc3 46. Qa6+ Kb8 47. Rd3 Ne4 48. Rf3 Qc6 49. Qa3 Nd2 50. Rf2 Nxf1+ 51. Rxf1 Qc4 52. Rb1 Qxf4+ 53. Kh1 Qxe5 54. Qb3 Qc7 55. Qb5 Qc6 56. Qe2 Rc7 57. Qf3 Kb7 58. Qf4 Qc4 59. Rf1 Qxf4 60. Rxf4 f5 61. h4 Rc4 62. Rf2 Rxh4+ 63. Kg1 Ra4 64. Rc2 g5 65. g3 g4 66. Kg2 Rc4 67. Rf2 Re4 68. Re2 Rxe2+ 69. Kf1 Rxa2 0-1


[Site "https://www.chess.com"]

[Event "Titled Tuesday Blitz June 28 Early 2022"]
[White "Preotu, Razvan"]
[Black "Elgersma, Onno"]
[WhiteFideId "2613280"]
[BlackFideId "1053531"]
[WhiteElo "2407"]
[BlackElo "2304"]
[Result "1-0"]
[Round "09"]
[TimeControl "180+1"]
[Date "2022.06.28"]
[WhiteClock "0:00:08"]
[BlackClock "0:00:13"]

1. e4 c6 2. Nc3 d5 3. Nf3 dxe4 4. Nxe4 Nf6 5. Qe2 Na6 6. d4 Nxe4 7. Qxe4 Qd5 8. Qxd5 cxd5 9. c3 f6 10. Bf4 Nb8 11. Bd3 Nc6 12. O-O Bg4 13. Rfe1 Kf7 14. Nd2 e6 15. Nb3 Be7 16. f3 Bf5 17. Bxf5 exf5 18. a4 Rhe8 19. Kf2 g5 20. Bd2 Bf8 21. a5 a6 22. Nc1 Rxe1 23. Bxe1 Re8 24. Nd3 Bd6 25. Bd2 f4 26. h4 h6 27. b3 Kg6 28. Ra4 Kf5 29. h5 Ke6 30. Ne1 Kd7 31. Nc2 Bc7 32. c4 Ne7 33. Nb4 Bd6 34. Nxd5 Nxd5 35. cxd5 Rc8 36. Rc4 Rb8 37. Ke2 b6 38. axb6 Rxb6 39. b4 Rb5 40. Kd3 Rxd5 41. Rc1 Rb5 42. Kc4 Kc6 43. Ra1 Kb7 44. d5 Be5 45. Ra5 Rxa5 46. bxa5 Bd6 47. Bb4 Kc7 48. Bxd6+ Kxd6 49. Kd4 Kd7 50. Kc5 Kc7 51. d6+ Kd7 52. Kd5 f5 53. Ke5 Kc6 54. Ke6 g4 55. d7 1-0


[Site "https://www.chess.com"]